 Dungeon Crawl Stone Soup version 0.18-a0-955-g171f012 (webtiles) character file.

53 Oddball22 the Skirmisher (level 3, 0/29 HPs)
             Began as a Demonspawn Artificer on Dec 31, 2015.
             Slain by Natasha (7 damage)
             ... on level 2 of the Dungeon.
             The game lasted 00:04:04 (1797 turns).

Oddball22 the Skirmisher (Demonspawn Artificer)     Turns: 1797, Time: 00:04:05

Health: 0/29       AC:  4    Str: 11    XL:     3   Next: 64%
Magic:  5/5        EV: 12    Int: 13    God:
Gold:   94         SH:  0    Dex: 14    Spells: 0 memorised, 2 levels left

rFire  . . .     SeeInvis .     a - +0 short sword
rCold  . . .     Gourm    .     b - +0 leather armour
rNeg   . . .     Faith    .     (no shield)
rPois  .         Spirit   .     n - +0 helmet
rElec  .         Dismiss  .     (no cloak)
rCorr  .         Reflect  .     (no gloves)
SustAt .         Harm     .     (no boots)
MR     .....                    (no amulet)
Stlth  +.........               (no ring)
                                (no ring)

@: not resistant to hostile enchantments, very unstealthy
A: hooves 1, powered by pain 1
a: no special abilities


You were on level 2 of the Dungeon.
You were not hungry.

You visited 1 branch of the dungeon, and saw 2 of its levels.

You collected 94 gold pieces.

Inventory:

Hand Weapons
 a - a +0 short sword (weapon)
Armour
 b - a +0 leather armour (worn)
 n - a +0 helmet (worn)
Wands
 c - a wand of flame (10/48)
 d - a wand of enslavement (15/24)
 e - a wand of random effects (12/48)
Scrolls
 g - a scroll of enchant weapon {unknown}
 h - a scroll of fog {unknown}
 i - a scroll of noise {unknown}
 m - 2 scrolls of identify {unknown}
 q - a scroll of fear {unknown}
 r - a scroll of random uselessness {unknown}
 t - 2 scrolls of teleportation {unknown}
 u - a scroll of remove curse {unknown}
Potions
 j - a potion of heal wounds {unknown}
 k - a potion of might {unknown}
 p - a potion of resistance {unknown}
Comestibles
 f - a bread ration
 l - 6 chunks of flesh
 o - a meat ration
 s - a beef jerky


   Skills:
 * Level 3.1 Fighting
 - Level 0.8 Short Blades
 + Level 2.4 Dodging
 - Level 0.8 Stealth
 - Level 3.0 Evocations


You had 2 spell levels left.
You didn't know any spells.

Dungeon Overview and Level Annotations

Branches:
Dungeon (2/15)

Altars:

Annotations:
D:2 Natasha, Sigmund


Innate Abilities, Weirdness & Mutations

You have large cloven feet.
You sometimes gain a little power by taking damage.


Message History

Natasha claws you.
Evoke which item? (* to show all) (? for menu, Esc to quit)
Zapping:
e - a wand of random effects (14/48)
Press: ? - help, Shift-Dir - straight line, f/p - Natasha
Aim: Natasha (lightly wounded)
The puff of frost misses Natasha.
The puff of frost hits the iron imp.
The iron imp appears unharmed.
This wand has 13 charges left.
Natasha claws you.
* * * LOW HITPOINT WARNING * * *
Evoke which item? (* to show all) (? for menu, Esc to quit)
Zapping:
e - a wand of random effects (13/48)
Press: ? - help, Shift-Dir - straight line, f/p - Natasha
Aim: Natasha (lightly wounded)
The bolt of cold misses Natasha.
The bolt of cold hits the iron imp.
The iron imp resists.
The iron imp is moderately wounded.
This wand has 12 charges left.
The iron imp shouts, "Fly, thou fawning sheep-biting gudgeon!"
Natasha claws you!
You die...

.................. ....
..<..........@...# .....
.......<########.##..#..
........................
.............###..#..#..
##+###...8...# #..# .#..#
......!58.8..###..##.#..##
#......8h_58..............
#.####..8@8..#....##....#.
# #...8...#....# ......
#......[#....##......
#...#.#.#####.........
.......................
.######.#.#####.###.....
#.#.. #(# <...
#...#####)#### ...
........)....#


You could see an iron imp, Natasha and a crimson imp.

Vanquished Creatures
  2 adders (D:2)
  A worm (D:2)
  2 giant geckos (D:1)
  5 bats (D:1)
  3 giant cockroaches
  4 goblins
  A hobgoblin (D:2)
  3 jackals (D:2)
  6 kobolds
  2 giant newts (D:1)
29 creatures vanquished.

Notes
Turn   | Place    | Note
--------------------------------------------------------------
     0 | D:1      | Oddball22 the Demonspawn Artificer began the quest for the Orb.
     0 | D:1      | Reached XP level 1. HP: 15/15 MP: 3/3
   457 | D:1      | Gained mutation: You sometimes gain a little power by taking damage. [demonic ancestry]
   457 | D:1      | Reached XP level 2. HP: 19/22 MP: 4/4
  1036 | D:2      | Gained mutation: You have large cloven feet. [demonic ancestry]
  1036 | D:2      | Reached XP level 3. HP: 28/28 MP: 5/5
  1764 | D:2      | Found a faded altar to an unknown god.
  1771 | D:2      | Noticed Sigmund
  1785 | D:2      | Noticed Natasha
  1797 | D:2      | Slain by Natasha

Vault maps used:
D:1:      nicolae_arrival_memento_mori
D:2:      ecumenical_altar_2, uniq_sigmund, uniq_natasha

Action                   || total
-------------------------++-------
Melee: Short sword       ||   126
Evoke: Wand              ||     8
  Use: Potion            ||     1
 Stab: Sleeping          ||     1
  Eat: Chunk             ||     3
